cohdb
Replays
Latest Replays
All Replays
Popular Replays
Top Player Replays
Match Explorer
How It Works
Community
CoH3 Stats
Reddit
Sign in to upload your games and track your stats! →
Sign in with Steam
Match 43854432
Unlisted
Match 43854432
Overview
Messages
Build Orders
End
Kradschützen Motorcycle Team
Selects Battlefield Espionage Battlegroup
Panzerpioneer Squad
Panzerpioneer Squad
Panzerpioneer Squad
Construct Light Support Kompanie
Panzerpioneer Squad
2.5-tonne Medical Truck
Selects Intel Disruption Beacon
Fire Support Elements
MG34 Team
Pak 38 Mechanized Group
Panzerjäger Squad
Selects 250/3 Funkpanzerwagen
Panzerpioneer Squad
Veteran Squad Leaders
Selects Plunder
Selects Advanced Ambush Training
Construct Panzerarmee Kommand
MG34 Team
Seshagrantch
VX6 (Echofretzz)
Terror da receita
Arturokq
0
0
Comments
sign in to comment!
No comments posted yet!